 Dungeon Crawl Stone Soup version 0.24.0-1-gfbc8707122 (webtiles) character file.

Game seed: 8094828781157982456, levelgen mode: deterministic

35 Masnef the Sneak (level 3, 0/24 HPs)
             Began as a Merfolk Enchanter on Oct 25, 2019.
             Slain by a worm (6 damage)
             ... on level 2 of the Dungeon.
             The game lasted 00:04:51 (1654 turns).

Masnef the Sneak (Merfolk Enchanter)                Turns: 1654, Time: 00:04:51

Health: 0/24       AC:  3    Str:  8    XL:     3   Next: 33%
Magic:  1/6        EV: 13    Int: 15    God:
Gold:   48         SH:  0    Dex: 14    Spells: 0/6 levels left

rFire    . . .     SeeInvis .   k - +0 spear
rCold    . . .     Gourm    .   (no shield)
rNeg     . . .     Faith    .   b - +0 robe
rPois    .         Spirit   .   (no helmet)
rElec    .         Reflect  .   (no cloak)
rCorr    +         Harm     .   (no gloves)
MR       .....                  g - +0 pair of boots
Stlth    +++.......             (no amulet)
HPRegen  0.08/turn              f - ring of resist corrosion
MPRegen  0.10/turn              (no ring)

@: no status effects
A: change form in water, swift swim, stealthy swim
a: no special abilities


You were on level 2 of the Dungeon.
You were not hungry.

You visited 1 branch of the dungeon, and saw 2 of its levels.

You collected 48 gold pieces.

Inventory:

Hand Weapons
 a - a +1 dagger
 k - a +0 spear (weapon)
Armour
 b - a +0 robe (worn)
 g - a +0 pair of boots (worn)
Jewellery
 f - a ring of resist corrosion (left hand)
 n - a cursed -3 ring of intelligence {unknown}
Scrolls
 e - a scroll of noise {unknown}
 i - 2 scrolls of immolation {unknown}
 j - a scroll of remove curse {unknown}
Potions
 c - 4 potions of flight {unknown}
 h - a potion of curing {unknown}
 l - a potion of agility {unknown}
Comestibles
 d - 5 rations
 m - a chunk of flesh


   Skills:
 + Level 2.1 Short Blades
 * Level 0.5 Polearms
 + Level 2.7 Dodging
 + Level 3.9 Stealth
 - Level 2.0 Spellcasting
 * Level 3.2 Hexes
 * Level 1.1 Ice Magic


You couldn't memorise any spells.
You knew the following spells:

 Your Spells              Type           Power        Failure   Level  Hunger
a - Corona                Hex            ##.....      6%          1    #......
b - Ensorcelled Hibernat  Hex/Ice        #.....       14%         2    ###....
c - Confuse               Hex            ##......     19%         3    ###....

Your spell library contained the following spells:

 Spells                   Type           Power        Failure   Level  Hunger
 Tukima's Dance           Hex            ##......     19%         3    ###....
 Dazzling Spray           Conj/Hex       #.....       34%         3    ###....


Dungeon Overview and Level Annotations

Branches:
Dungeon (2/15)

Altars:


Message History

Confirm with . or Enter, or press ? or * to list all spells.
Aiming: Ensorcelled Hibernation (safe; 14% risk of failure)
Press: ? - help, Shift-Dir - straight line, f/p - worm
Aim: a worm (chance to defeat MR: 49%)
The worm looks drowsy...
Attack whom?
Press: ? - help, Dir - move target cursor, f/p - worm
Aim: a worm (resting)
You reach to attack!
The helpless worm fails to defend itself.
You hit the worm.
The worm is moderately wounded.
You hit the worm.
The worm is moderately wounded.
You hit the worm.
The worm is severely wounded.
The worm bites you!
* * * LOW HITPOINT WARNING * * *
The worm bites you.
You die...

### #@#
#########
#w###.w....÷#
#...#.#####.#
###.#.##....#
#....#.####
######.#####
#####w....#
#..†.#....#
#.##.+....#


You could see a worm.

Vanquished Creatures
  2 dart slugs (D:1)
  2 leopard geckos (D:1)
  2 ball pythons (D:1)
  A giant cockroach (D:1)
  4 hobgoblins (D:1)
  A quokka (D:2)
  5 bats
  2 goblins
  6 kobolds
  3 rats (D:1)
28 creatures vanquished.

Notes
Turn   | Place    | Note
-------+----------+-------------------------------------------
     0 | D:1      | Masnef the Merfolk Enchanter began the quest for the Orb.
     0 | D:1      | Reached XP level 1. HP: 13/13 MP: 3/3
   270 | D:1      | Reached XP level 2. HP: 19/19 MP: 5/5
   278 | D:1      | Learned a level 2 spell: Ensorcelled Hibernation
  1339 | D:1      | Reached XP level 3. HP: 24/24 MP: 6/6
  1372 | D:1      | Reached skill level 1 in Ice Magic
  1550 | D:2      | Learned a level 3 spell: Confuse
  1654 | D:2      | Slain by a worm

Levels and vault maps discovered:
D:1:      evilmike_arrival_plus, layout_basic, minmay_tetromino_l2
D:2:      layout_basic

Skill      XL: |  1  2  3 |
---------------+----------+-----
Short Blades   | 2 |  2.1
Ice Magic      | 1 |  1.1
Polearms       | |  0.5
Dodging        | |  2.7
Stealth        | |  3.9
Spellcasting   | |  2.0
Hexes          | |  3.2

Action                   || total
-------------------------++-------
Melee: Dagger            ||    48
       Spear             ||    43
 Cast: Corona            ||    14
       Ensorcelled Hiber ||    10
 Stab: Sleeping          ||    12
  Eat: Chunk             ||     3
Armor: Robe              ||    23
Dodge: Dodged            ||    70
